 Dungeon Crawl Stone Soup version 0.16.2-2-g470672f (webtiles) character file.

287 FruitAndGarbage the Magician (level 6, -2/32 HPs)
             Began as a Deep Elf Wizard on Aug 17, 2015.
             Slain by an orc wizard
             ... wielding a +1 dagger of electrocution
              (4 damage)
             ... on level 4 of the Dungeon.
             The game lasted 00:13:41 (3102 turns).

FruitAndGarbage the Magician (Deep Elf Wizard)      Turns: 3102, Time: 00:13:41

Health: -2/32      AC:  4    Str:  4    XL:     6   Next: 8%
Magic:  0/22       EV: 18    Int: 25    God:
Gold:   202        SH:  0    Dex: 18    Spells: 7 memorised, 2 levels left

rFire  . . .     SeeInvis .     t - +0 quarterstaff
rCold  + . .     Clarity  .     a - +0 robe
rNeg   . . .     SustAb   .     (no shield)
rPois  .         Gourm    .     o - +0 helmet
rElec  .         Spirit   .     (no cloak)
rCorr  .         Warding  .     (no gloves)
rMut   .         Stasis   .     g - +0 pair of boots
MR     .....                    (no amulet)
Stlth  +++.......               (no ring)
                                j - ring of protection from cold

@: agile, very slightly contaminated, repel missiles, not resistant to hostile
enchantments, fairly stealthy
A: no striking features
a: no special abilities


You were on level 4 of the Dungeon.
You were hungry.

You visited 1 branch of the dungeon, and saw 4 of its levels.

You collected 202 gold pieces.

Inventory:

Hand weapons
 t - a +0 quarterstaff (weapon)
Armour
 a - a +0 robe (worn)
 b - a +0 hat
 g - a +0 pair of boots (worn)
 o - a +0 helmet (worn)
 A - the +8 orange crystal plate armour {Archmagi, Int+3 Clar SustAb}
   (You found it on level 4 of the Dungeon)

   It affects your intelligence (+3).
   It sustains your strength, intelligence and dexterity.
   It protects you against confusion.
Jewellery
 j - a ring of protection from cold (left hand)
Magical devices
 v - a wand of magic darts (20)
 B - a wand of fire (10)
Scrolls
 h - a scroll of magic mapping {unknown}
 i - 3 scrolls of fog {unknown}
 k - a scroll of blinking {unknown}
 s - 3 scrolls of identify {unknown}
 u - a scroll of remove curse {unknown}
 y - a scroll of recharging {unknown}
 z - a scroll of amnesia {unknown}
Potions
 e - a potion of agility
 f - 3 potions of curing {unknown}
 n - a potion of lignification {unknown}
 q - a potion of invisibility {unknown}
 r - 2 potions of magic {unknown}
 w - 2 potions of might {unknown}
 x - 2 potions of cancellation {unknown}
Books
 c - a book of Minor Magic

   Spells                             Type                      Level
   a - Magic Dart                     Conjuration                  1
   b - Blink                          Translocation                2
   c - Call Imp                       Summoning                    2
   d - Repel Missiles                 Charms/Air                   2
   e - Slow                           Hexes                        2
   f - Conjure Flame                  Conjuration/Fire             3
   g - Mephitic Cloud                 Conjuration/Poison/Air       3
Comestibles
 d - 4 bread rations
 l - a slice of pizza
 m - 2 meat rations
 p - 6 chunks of flesh


   Skills:
 + Level 2.8 Dodging
 + Level 2.7 Stealth
 + Level 6.1 Spellcasting
 + Level 2.3 Conjurations
 * Level 2.1 Hexes
 * Level 3.0 Charms
 * Level 2.5 Summonings
 * Level 1.9 Translocations
 * Level 1.8 Air Magic


You had 2 spell levels left.
You knew the following spells:

 Your Spells              Type           Power        Failure   Level  Hunger
a - Magic Dart            Conj           ###.         3%          1    None
b - Blink                 Tloc           N/A          8%          2    None
c - Call Imp              Summ           ###.....     4%          2    None
d - Repel Missiles        Chrm/Air       ###...       6%          2    None
e - Slow                  Hex            ###.....     6%          2    None
f - Mephitic Cloud        Conj/Pois/Air  ##......     14%         3    None
g - Conjure Flame         Conj/Fire      ##......     14%         3    None


Dungeon Overview and Level Annotations

Branches:
Dungeon (4/15)
 Temple: D:4-7

Altars:


Message History

The orc priest is severely wounded.
The orc priest hits you. The orc wizard closely misses you.
Casting: Repel Missiles
Confirm with . or Enter, or press ? or * to list all spells.
Aiming: Magic Dart
Press: ? - help, Shift-Dir - straight line, f/p - orc
Aim: an orc, wearing a ring mail The magic dart hits the orc priest.
The orc priest is almost dead.
The orc seems less confused.
The orc priest calls down the wrath of Beogh upon you.
Something smites you!
* * * LOW HITPOINT WARNING * * *
The orc wizard misses you.
Drink which item? (? for menu, Esc to quit)
It was a potion of agility.
You feel agile all of a sudden. The orc priest misses you.
The orc wizard hits you with a dagger of electrocution.
You die...

.........#.# .....#
#).........# #....#
#..........#+####....
#...§§§o.......##..#
#....§$........##.)#
#.....o.##.......).#
#.....).##o#..###.#####
#....†..##o...##.)....#
#......oo@....##......#
######.###†.>###......#
#.#..............#
#.....#..##..[...#
#.....#..##......#
#.....#..###...###
#.....#... +...#
#........###...###
.....##.# #.....#


You could see an orc priest, an orc wizard and 2 orcs.

Vanquished Creatures
  An orc priest (D:3)
  9 adders
  4 worms
  A giant gecko (D:1)
  9 orcs
  A giant cockroach (D:4)
  6 goblins
  5 hobgoblins
  9 kobolds
  4 ball pythons (D:1)
  6 bats
  6 giant newts
  6 jackals
  3 quokkas
  10 rats
80 creatures vanquished.

Vanquished Creatures (collateral kills)
  The ghost of bftschaos the Stinger, an average DsVM (D:3)
  An adder (D:3)
  A hobgoblin (D:3)
3 creatures vanquished.

Grand Total: 83 creatures vanquished

Notes
Turn   | Place    | Note
--------------------------------------------------------------
     0 | D:1      | FruitAndGarbage, the Deep Elf Wizard, began the quest for the Orb.
     0 | D:1      | Reached XP level 1. HP: 10/10 MP: 6/6
   273 | D:1      | Reached XP level 2. HP: 15/15 MP: 8/10
   277 | D:1      | Learned a level 2 spell: Blink
   280 | D:1      | Learned a level 2 spell: Call Imp
   283 | D:1      | Learned a level 2 spell: Repel Missiles
   286 | D:1      | Learned a level 2 spell: Slow
   414 | D:1      | Reached skill level 5 in Spellcasting
  1324 | D:2      | Reached XP level 3. HP: 19/19 MP: 10/14
  1329 | D:2      | Learned a level 3 spell: Mephitic Cloud
  1470 | D:2      | Reached skill level 1 in Hexes
  1470 | D:2      | Reached skill level 1 in Charms
  1935 | D:2      | Reached XP level 4. HP: 24/24 MP: 7/17
  2057 | D:2      | Reached skill level 1 in Air Magic
  2158 | D:3      | Noticed bftschaos' ghost (average DsVM)
  2167 | D:3      | Killed bftschaos' ghost
  2167 | D:3      | Reached XP level 5. HP: 28/28 MP: 2/20
  2343 | D:3      | Reached skill level 6 in Spellcasting
  3002 | D:4      | Reached XP level 6. HP: 32/32 MP: 13/22
  3014 | D:4      | Learned a level 3 spell: Conjure Flame
  3102 | D:4      | Slain by an orc wizard

Action                   |  1- 3 |  4- 6 || total
-------------------------+-------+-------++-------
Melee: Unarmed           |    14 |       ||    14
       Quarterstaff      |       |    12 ||    12
 Cast: Magic Dart        |    96 |   113 ||   209
       Repel Missiles    |     1 |     1 ||     2
       Mephitic Cloud    |     1 |     1 ||     2
       Call Imp          |       |     3 ||     3
  Use: Potion            |       |     1 ||     1
  Eat: Chunk             |     3 |     3 ||     6
